 Dungeon Crawl Stone Soup version 0.28-a0-1616-g050a50673c (webtiles) character file.

Game seed: 6378581645344208227

87 croobank the Skirmisher (level 4, -2/40 HPs)
             Began as a Minotaur Abyssal Knight on Jan 22, 2022.
             Was a Believer of Lugonu.
             Slain by a gnoll (9 damage)
             ... on level 3 of the Dungeon.
             The game lasted 00:07:28 (2134 turns).

croobank the Skirmisher (Minotaur Abyssal Knight)   Turns: 2134, Time: 00:07:30

Health: -2/40      AC:  3    Str: 17    XL:     4   Next: 28%
Magic:  4/4        EV: 12    Int:  9    God:    Lugonu [**....]
Gold:   106        SH:  0    Dex: 11    Spells: 3/3 levels left

rFire   . . .      SeeInvis +   a - +1 hand axe
rCold   . . .      Faith    .   (no shield)
rNeg    . . .      Spirit   .   b - +0 leather armour
rPois   .          Reflect  .   (helmet restricted)
rElec   .          Harm     .   (no cloak)
rCorr   .          Rampage  .   (no gloves)
Will    .....                   (no boots)
Stlth   +.........              (no amulet)
HPRegen 0.13/turn               f - ring of see invisible
MPRegen 0.09/turn               (no ring)

@: no status effects
A: horns 2, retaliatory headbutt
a: Renounce Religion, Depart the Abyss, Bend Space


You were on level 3 of the Dungeon.
You worshipped Lugonu.
Lugonu was pleased with you.
You visited 1 branch of the dungeon, and saw 3 of its levels.
You visited the Abyss 1 time.

You collected 106 gold pieces.

Inventory:

Hand Weapons
 a - a +1 hand axe (weapon)
Missiles
 c - 82 stones
 h - 10 poisoned darts
 n - 23 bolts
Armour
 b - a +0 leather armour (worn)
Magical Staves
 d - a staff of death
 j - a staff of fire
Jewellery
 f - a ring of see invisible (left hand)
Scrolls
 g - a scroll of enchant armour
 l - a scroll of blinking {unknown}
 m - a scroll of fear
Potions
 e - a potion of magic
 i - a potion of brilliance
 k - a potion of lignification {unknown}
 o - 2 potions of might {unknown}


   Skills:
 + Level 4.2 Fighting
 + Level 3.2 Axes
 + Level 3.3 Armour
 + Level 2.2 Dodging
 + Level 2.5 Invocations


You had 3 spell levels left.
You didn't know any spells.
Your spell library was empty.

Dungeon Overview and Level Annotations

Branches:
Dungeon (3/15)

Altars:

Annotations:
D:3 3 runed translucent doors, badtown22's ghost, amateur DsBe


Innate Abilities, Weirdness & Mutations

You have a pair of horns on your head.
You reflexively headbutt those who attack you in melee.


Message History

Badtown22's ghost turns its malevolent gaze towards you.
Found a stone staircase leading down.
A rat comes into view.
The rat bites you.
You hit the rat. Your headbutt misses the rat.
The rat is severely wounded.
The rat barely misses you. You furiously retaliate!
You headbutt the rat.
You kill the rat!
Lugonu accepts your kill.
A gnoll comes into view. It is wielding a +0 spear.
Your library has no spells.
f - a ring of see invisible (left hand)
The gnoll closely misses you. The gnoll hits you with a +0 spear.
A gnoll comes into view.
It is wielding a +0 flail of protection.
A gnoll comes into view. It is wielding a +0 flail.
The gnoll shouts!
You hit the gnoll but do no damage. Your headbutt misses the gnoll.
The gnoll hits you with a +0 spear.
You slash the gnoll! Your headbutt misses the gnoll.
The gnoll is severely wounded.
The gnoll hits you with a +0 spear.
You closely miss the gnoll.
The gnoll is severely wounded.
The gnoll hits you with a +0 spear.
A gnoll comes into view. It is wielding a +0 whip.
You completely miss the gnoll.
The gnoll is severely wounded.
The gnoll shouts!
The gnoll barely misses you. The gnoll hits you with a +0 spear.
You hit the gnoll.
The gnoll is almost dead.
The gnoll hits you with a +0 spear!
* * * LOW HITPOINT WARNING * * *
You barely miss the gnoll.
The gnoll is almost dead.
The gnoll hits you with a +0 spear.
* * * LOW HITPOINT WARNING * * *
The gnoll hits you from afar with a +0 spear!
You die...

P≈≈P ......#...###.# ..#.#..
≈≈≈≈♣#..#..#....##.#####..!$.##
≈P≈≈≈♣................#.......
≈≈≈≈≈≈≈.##....#.##.#####.....##
≈≈≈≈≈≈..##....#..#.# #.?ZZZZ.#
≈≈P≈†...##....##.#.# ####+++### .
♣≈....##....##...# #.#.....# #.
###.<.##...g###..###.#.....# #.
#####...##..ggg.@...##.###.#####.
........##..#####..###.#.........
.......###..######.#.............
######...........................
#..............>..............
#.#.###.......................
+##'###...#########.#.#.#######.
#.....####...######.#.#.# ##
#.....#...........#.#.#.#


You could see 4 gnolls.

Vanquished Creatures
  3 adders (D:2)
  2 dart slugs (D:1)
  4 ball pythons
  4 endoplasms
  6 giant cockroaches
  A goblin (D:1)
  3 hobgoblins
  4 jackals (D:1)
  5 kobolds
  3 quokkas
  5 bats
  A frilled lizard (D:2)
  11 rats
52 creatures vanquished.

Vanquished Creatures (others)
  6 plants (D:3)
6 creatures vanquished.

Grand Total: 58 creatures vanquished

Notes
Turn   | Place    | Note
-------+----------+-------------------------------------------
     0 | Abyss:1  | croobank the Minotaur Abyssal Knight began the quest for
                  | the Orb.
     0 | Abyss:1  | Reached XP level 1. HP: 19/19 MP: 1/1
    16 | Abyss:1  | Found a sparkling altar of Nemelex Xobeh.
    53 | Abyss:1  | Noticed a purple very ugly thing
    53 | Abyss:1  | Noticed an ancient zyme
    66 | Abyss:1  | Found a sacrificial altar of Ru.
    90 | Abyss:2  | Noticed a small abomination
   103 | Abyss:3  | Noticed a shining eye
   103 | Abyss:3  | Noticed a shining eye
   103 | Abyss:3  | Noticed a large abomination
   103 | Abyss:3  | Noticed a glowing orange brain
   103 | Abyss:3  | Noticed a flying skull
   103 | Abyss:3  | Noticed a cacodemon
   103 | Abyss:3  | Noticed a cacodemon
   103 | Abyss:3  | Noticed a flying skull
   103 | Abyss:3  | Noticed a glowing orange brain
   103 | Abyss:3  | Noticed a large abomination
   103 | Abyss:3  | Noticed a large abomination
   103 | Abyss:3  | Noticed a golden eye
   103 | Abyss:3  | Noticed a golden eye
   103 | Abyss:3  | Noticed a small abomination
   103 | Abyss:3  | Noticed a large abomination
   103 | Abyss:3  | Noticed a large abomination
   103 | Abyss:3  | Noticed an Executioner
   103 | Abyss:3  | Noticed a large abomination
   103 | Abyss:3  | Noticed a small abomination
   103 | Abyss:3  | Noticed a titanic slime creature
   103 | Abyss:3  | Noticed a large abomination
   103 | Abyss:3  | Noticed a golden eye
   103 | Abyss:3  | Noticed a flying skull
   103 | Abyss:3  | Noticed a golden eye
   103 | Abyss:3  | Noticed a large abomination
   103 | Abyss:3  | Noticed a titanic slime creature
   103 | Abyss:3  | Noticed a large abomination
   103 | Abyss:3  | Noticed a small abomination
   103 | Abyss:3  | Noticed a large abomination
   103 | Abyss:3  | Noticed a small abomination
   103 | Abyss:3  | Noticed a large abomination
   103 | Abyss:3  | Noticed a large abomination
   103 | Abyss:3  | Noticed a small abomination
   103 | Abyss:3  | Noticed a large abomination
   103 | Abyss:3  | Noticed a small abomination
   103 | Abyss:3  | Noticed a small abomination
   104 | D:1      | Escaped the Abyss
   188 | D:1      | Reached XP level 2. HP: 24/27 MP: 2/2
   196 | D:1      | Reached * piety under Lugonu
   441 | D:1      | Reached skill level 4 in Fighting
   441 | D:1      | Reached XP level 3. HP: 31/33 MP: 3/3
   797 | D:2      | Reached ** piety under Lugonu
  1064 | D:2      | Found a faded altar of an unknown god.
  1341 | D:2      | Reached XP level 4. HP: 26/40 MP: 4/4
  2088 | D:3      | Found a runed translucent gate.
  2089 | D:3      | Found a runed translucent gate.
  2090 | D:3      | Found a runed translucent gate.
  2091 | D:3      | Noticed badtown22's ghost (amateur DsBe)
  2134 | D:3      | Slain by a gnoll

Illustrated notes

Levels and vault maps discovered:
D:1:      dpeg_arrival_rooms_b, layout_rooms
D:2:      layout_rooms, ebering_ecumenical_altar_webs, serial_co_window_serial,
          co_window_paths_b, co_window_corner_a, co_window_corner_a,
          co_window_paths_a, co_window_paths_a, co_window_corner_a,
          co_window_corner_b, co_window_broadway_c, co_window_paths_c,
          co_window_2corner, co_window_cross_3, glass_columns_b,
          nicolae_figureground_sparkle
D:3:      layout_basic, mainiacjoe_overflow_24_doors,
          gammafunk_ghost_necromancy, chequers_serial_rivers_micro_d,
          serial_bayou_lagoon_b, uniq_terence

Skill      XL: |  1  2  3 |
---------------+----------+-----
Invocations    | 2 |  2.5
Fighting       | 4 |  4.2
Armour         | 3 |  3.3
Axes           | 3 |  3.2
Dodging        | 2 |  2.2

Action                   |  1- 3 |  4- 6 || total
-------------------------+-------+-------++-------
Melee: Hand axe          |    86 |    23 ||   109
       Headbutt          |     9 |     2 ||    11
       Punch             |     1 |       ||     1
Invok: Depart the Abyss  |     1 |       ||     1
  Use: Scroll            |     4 |       ||     4
 Stab: Sleeping          |     1 |       ||     1
Armor: Leather armour    |    23 |     4 ||    27
Dodge: Dodged            |    76 |    27 ||   103

Table legend: (Time is in decaauts)
 A = Elapsed time spent in this place.
 B = Non-inter-level travel time spent in this place.
 C = Inter-level travel time spent in this place.
 D = Time resting spent in this place.
 E = Time spent auto-exploring this place.
 F = Levels seen in this place.
 G = Mean time per level.
                   A        B        C        D        E       F      G
               +--------+--------+--------+--------+--------+-----+--------+
         Total |   2150 |   2094 |     56 |    100 |   1469 |   6 |  358.3 |
       Dungeon |   2046 |   1990 |     56 |    100 |   1406 |   3 |  682.0 |
         Abyss |    104 |    104 |      0 |      0 |     63 |   3 |   34.7 |
               +--------+--------+--------+--------+--------+-----+--------+

Top non-repeatable levels by time:
     D:2: 1236 daAuts
     D:1: 582 daAuts
     D:3: 226 daAuts
 Abyss:1: 78 daAuts
 Abyss:2: 25 daAuts
 Abyss:3: 0 daAuts
